 Dungeon Crawl Stone Soup version 0.29-a0-284-gf9362112df (webtiles) character file.

Game seed: 17605182030351814161

17 sylnyx the Stinger (level 2, 0/22 HPs)
             Began as a Naga Venom Mage on Mar 25, 2022.
             Slain by a jackal (1 damage)
             ... on level 1 of the Dungeon.
             The game lasted 00:04:47 (740 turns).

sylnyx the Stinger (Naga Venom Mage)                 Turns: 740, Time: 00:04:47

Health: 0/22       AC:  1    Str: 10    XL:     2   Next: 62%
Magic:  1/5        EV: 10    Int: 15    God:
Gold:   34         SH:  0    Dex: 11    Spells: 2/5 levels left

rFire   . . .      SeeInvis +   c - +0 short sword (freeze)
rCold   . . .      Faith    .   (no shield)
rNeg    . . .      Spirit   .   a - +0 robe
rPois   +          Reflect  .   (no helmet)
rElec   .          Harm     .   (no cloak)
rCorr   .          Rampage  .   (no gloves)
Will    .....                   (no barding)
Stlth   ++........              (no amulet)
HPRegen 0.07/turn               (no ring)
MPRegen 0.09/turn               (no ring)

@: very slow
A: AC +0, large, see invisible, deformed body, poison resistance, slowness 2,
spit poison 1, naga tail 1
a: Spit Poison


You were on level 1 of the Dungeon.
You visited 1 branch of the dungeon, and saw 1 of its levels.

You collected 34 gold pieces.

Inventory:

Hand Weapons
 c - a +0 short sword of freezing (weapon)
Armour
 a - a +0 robe (worn)
 h - a +0 ring mail
Scrolls
 d - a scroll of identify {unknown}
 g - 3 scrolls of silence {unknown}
Potions
 b - a potion of magic
 e - a potion of heal wounds {unknown}
 f - a potion of haste {unknown}


   Skills:
 - Level 1.7 Dodging
 + Level 3.5 Stealth
 + Level 2.2 Spellcasting
 - Level 1.2 Transmutations
 + Level 4.3 Poison Magic


You had 2 spell levels left.
You knew the following spells:

 Your Spells              Type           Power      Damage    Failure   Level
a - Sting                 Tmut/Pois      40%        1d5       7%          1
b - Poisonous Vapours     Pois/Air       16%        N/A       14%         2

Your spell library contained the following spells:

 Spells                   Type           Power      Damage    Failure   Level
 Mephitic Cloud           Conj/Pois/Air  6%         N/A       34%         3
 Olgreb's Toxic Radiance  Pois           14%        N/A       36%         4


Dungeon Overview and Level Annotations

Branches:
Dungeon (1/15)

Altars:


Innate Abilities, Weirdness & Mutations

Your serpentine skin is tough. (AC +0)
You have supernaturally acute eyesight. (SInv)
Armour fits poorly on your strangely shaped body.
Your system is resistant to poisons. (rPois)
You cover ground very slowly.
You can spit poison.
You have a snake-like lower body.


Message History

The hobgoblin barely misses you. The hobgoblin attacks as you move away!
The hobgoblin barely misses you.
The hobgoblin hits you but does no damage.
A gnoll comes into view. It is wielding a +0 flail.
You kill the hobgoblin!
Casting: Poisonous Vapours (safe; 14% risk of failure)
Confirm with . or Enter, or press ? or * to list all spells.
Aiming: Poisonous Vapours (safe; 14% risk of failure)
Press: ? - help, Dir - move target, f - gnoll
Aim: a gnoll, wielding a +0 flail (wandering, hasn't noticed you) Poisonous vapours surround the gnoll!
The gnoll is poisoned.
The gnoll shouts!
The jackal barks!
The jackal attacks as you move away! The jackal closely misses you.
The gnoll looks more healthy.
The jackal bites you.
* * * LOW HITPOINT WARNING * * *
Aiming: Sting (safe; 7% risk of failure)
Press: ? - help, Q - select action, (/) - cycle Shift-Dir - straight line, f/p - gnoll
Aim: a gnoll, wielding a +0 flail (heavily wounded, 75% to hit)
The sting misses the jackal.
The sting misses the gnoll.
The jackal closely misses you. x2
The gnoll attacks as you move away! The gnoll hits you with a +0 flail.
* * * LOW HITPOINT WARNING * * *
The jackal misses you. The jackal attacks as you move away!
The jackal barely misses you.
A hobgoblin comes into view.
The jackal bites you.
* * * LOW HITPOINT WARNING * * *
Casting: Sting (safe; 7% risk of failure)
Confirm with . or Enter, or press ? or * to list all spells.
You don't have enough magic to cast this spell.
Unknown command.
The jackal attacks as you move away! The jackal completely misses you.
The hobgoblin shouts!
The jackal misses you. The jackal attacks as you move away!
The jackal closely misses you. x2
The jackal bites you.
* * * LOW HITPOINT WARNING * * *
The jackal attacks as you move away! The jackal bites you.
You die...

.#.##
#.###.##.#####.#.....)....
....# #.........#
###.##......# .##.#
#####.....# #.##.#.....
.##.## ####..# #.##.##....
#...##########..#
#.##.#.....
#.#.............#
#^##.#.....
#...###########.#
#.##.#.(... #####
#######.######.##†##....
.......@hg.........>....
.######.#g###..##.##...#
#.#.##.......$....
#.#.##..!.........
................#.
#....#..........#.
#......####.###.#. ###.###
#.# .# #.# .


You could see a gnoll, a jackal and a hobgoblin.

Vanquished Creatures
  3 ball pythons (D:1)
  A bat (D:1)
  An endoplasm (D:1)
  A giant cockroach (D:1)
  A hobgoblin (D:1)
  A jackal (D:1)
  2 quokkas (D:1)
  A frilled lizard (D:1)
  3 kobolds (D:1)
  A rat (D:1)
15 creatures vanquished.

Notes
Turn   | Place    | Note
-------+----------+-------------------------------------------
     0 | D:1      | sylnyx the Naga Venom Mage began the quest for the Orb.
     0 | D:1      | Reached XP level 1. HP: 15/15 MP: 3/3
   551 | D:1      | Reached XP level 2. HP: 22/22 MP: 3/5
   554 | D:1      | Learned a level 2 spell: Poisonous Vapours
   739 | D:1      | HP: 1/22 [jackal (1)]
   740 | D:1      | Slain by a jackal

Illustrated notes

Levels and vault maps discovered:
D:1:      kennysheep_arrival_forest, layout_loops_ring, serial_shops,
          nicolae_shop_crystal, minmay_domino_4

Action                   || total
-------------------------++-------
Melee: Short sword       ||    15
 Cast: Sting             ||    12
       Poisonous Vapours ||     6
 Abil: Spit Poison       ||     2
 Stab: Sleeping          ||     1
Armor: Robe              ||     5
Dodge: Dodged            ||    37

Table legend: (Time is in decaauts)
 A = Elapsed time spent in this place.
 B = Non-inter-level travel time spent in this place.
 C = Inter-level travel time spent in this place.
 D = Time resting spent in this place.
 E = Time spent auto-exploring this place.
 F = Levels seen in this place.
 G = Mean time per level.
                   A        B        C        D        E       F      G
               +--------+--------+--------+--------+--------+-----+--------+
         Total |    855 |    855 |      0 |    404 |      0 |   1 |  855.0 |
       Dungeon |    855 |    855 |      0 |    404 |      0 |   1 |  855.0 |
               +--------+--------+--------+--------+--------+-----+--------+

Top non-repeatable levels by time:
     D:1: 855 daAuts
